 Dungeon Crawl Stone Soup version 0.28-a0-1506-g3893175d92 (webtiles) character file.

Game seed: 314100339877108466

181 enile the Skirmisher (level 5, -3/78 HPs)
             Began as a Minotaur Wanderer on Jan 13, 2022.
             Was a Follower of Dithmenos.
             Slain by a centaur (6 damage)
             ... on level 3 of the Dungeon.
             The game lasted 00:03:43 (2130 turns).

enile the Skirmisher (Minotaur Wanderer)            Turns: 2130, Time: 00:03:44

Health: -3/78      AC:  3    Str: 18    XL:     5   Next: 34%
Magic:  4/4        EV: 11    Int:  9    God:    Dithmenos [*.....]
Gold:   96         SH:  0    Dex: 10    Spells: 4/4 levels left

rFire   . . .      SeeInvis .   i - +9 whip "Xyfitzu" {elec, Will+}
rCold   . . .      Faith    .   (no shield)
rNeg    . . .      Spirit   .   c - +0 leather armour
rPois   .          Reflect  .   (helmet restricted)
rElec   .          Harm     .   (no cloak)
rCorr   .          Rampage  .   (no gloves)
Will    +....                   (no boots)
Stlth   ..........              (no amulet)
HPRegen 0.23/turn               (no ring)
MPRegen 0.09/turn               (no ring)

@: berserking, flying, wreathed by umbra, very quick
A: horns 2, retaliatory headbutt
a: Renounce Religion


You were on level 3 of the Dungeon.
You worshipped Dithmenos.
Dithmenos was aware of your devotion.
You visited 1 branch of the dungeon, and saw 3 of its levels.

You collected 96 gold pieces.

Inventory:

Hand Weapons
 a - a +1 hand axe
 i - the +9 whip "Xyfitzu" (weapon) {elec, Will+}
   (You found it on level 2 of the Dungeon)

   It occasionally discharges a powerful burst of electricity upon striking a
   foe.
   Will:      It increases your willpower.
Armour
 c - a +0 leather armour (worn)
Wands
 l - a wand of digging (5)
Scrolls
 d - a scroll of teleportation {unknown}
 f - a scroll of torment {unknown}
 j - 2 scrolls of vulnerability {unknown}
 k - a scroll of holy word {unknown}
 n - 2 scrolls of enchant weapon {unknown}
Potions
 h - a potion of haste {unknown}
 m - a potion of magic {unknown}


   Skills:
 - Level 7.0 Fighting
 - Level 2.8 Axes
 - Level 2.0 Throwing
 - Level 4.0 Armour
 - Level 2.1 Unarmed Combat
 + Level 1.1 Invocations


You had 4 spell levels left.
You didn't know any spells.
Your spell library contained the following spells:

 Spells                   Type           Power      Damage    Failure   Level
 Apportation              Tloc           0%         N/A       43%         1
 Alistair's Intoxication  Tmut/Pois      0%         N/A       100%        5


Dungeon Overview and Level Annotations

Branches:
Dungeon (3/15)

Altars:
Dithmenos


Innate Abilities, Weirdness & Mutations

You have a pair of horns on your head.
You reflexively headbutt those who attack you in melee.


Message History

You now have 96 gold pieces (gained 14).
Found a chain mail.
You see here a +0 chain mail.
Things that are here:
a +0 dagger; a +0 robe; an orc corpse
Things that are here:
a +0 whip; a +0 whip; an orc corpse
There is a stone staircase leading up here.
A centaur comes into view.
The centaur shouts!
The centaur wields a +0 shortbow.
The centaur shoots an arrow.
The arrow hits you!
A centaur is nearby!
The centaur shoots an arrow.
The arrow hits you!
The centaur shoots an arrow.
The arrow closely misses you.
The centaur shoots an arrow.
The arrow hits you!
The centaur shoots an arrow.
The arrow barely misses you.
The centaur shoots an arrow.
The arrow barely misses you.
Okay, then.
There is a stone staircase leading up here.
The centaur shoots an arrow.
The arrow completely misses you.
The centaur shoots an arrow.
The arrow hits you!
* * * LOW HITPOINT WARNING * * *
Okay, then.
The centaur shoots an arrow.
The arrow closely misses you.
Okay, then.
It was a potion of cancellation.
You feel magically purged.
It was a potion of flight.
You feel very buoyant.
You fly up into the air.
Okay, then.
A red film seems to cover your vision as you go berserk!
You feel yourself moving faster!
You feel mighty!
The centaur shoots an arrow.
The arrow hits you!
* * * LOW HITPOINT WARNING * * *
The centaur shoots an arrow.
The arrow hits you!
* * * LOW HITPOINT WARNING * * *
You feel a strong urge to attack something.
The centaur unwields a +0 shortbow.
The centaur hits you.
You die...

#.##.##.# .... .... ....
#.##.##.# #.#.#.#. .#. .
#.##.##.# ....... .. ..
#.##.##.### .#.#.#.#.#c#.
#.##.##.#.. .............
#..#.##.#.########.##.#
##.#.##.#.............#
########.#.##.#..########.###
..[.........#...@##..<..c.#
.#######....####.c..#.#####
.# #...).)..#####.# .#
#####..>†###.# #.#######
.###........# #.#####.......#
.#.......#..# #....##..####.#
.#.#.....#..# ####.##.....#.#
.#.......#..######.###.##.#.#
.#....##.........#.###.##.#.#


You could see a centaur.

Vanquished Creatures
  Natasha (thrice) (D:2)
  An orc wizard (D:3)
  2 adders (D:2)
  4 dart slugs
  4 orcs
  4 endoplasms
  4 giant cockroaches (D:1)
  7 goblins
  3 hobgoblins
  A jackal (D:2)
  2 quokkas (D:2)
  4 ball pythons
  5 bats
  3 frilled lizards
  4 kobolds
  4 rats
55 creatures vanquished.

Notes
Turn   | Place    | Note
-------+----------+-------------------------------------------
     0 | D:1      | enile the Minotaur Wanderer began the quest for the Orb.
     0 | D:1      | enile set off with the following items: a +1 hand axe, 2
                  | potions of berserk rage, a +0 leather armour
     0 | D:1      | Reached XP level 1. HP: 24/24 MP: 0/0
   236 | D:1      | Reached XP level 2. HP: 30/31 MP: 1/1
   848 | D:2      | Noticed Natasha
   858 | D:2      | Reached skill level 7 in Fighting
   858 | D:2      | Reached skill level 1 in Armour
   858 | D:2      | Reached XP level 3. HP: 38/39 MP: 2/2
   860 | D:2      | Killed Natasha
   965 | D:2      | Noticed Natasha
   970 | D:2      | Killed Natasha
   971 | D:2      | Reached XP level 4. HP: 43/47 MP: 3/3
  1270 | D:2      | Identified the +9 whip "Xyfitzu" {elec, Will+}
  1321 | D:2      | Found a faded altar of an unknown god.
  1329 | D:2      | Prayed at the altar of an unknown god.
  1329 | D:2      | Became a worshipper of Dithmenos the Shadowed
  1329 | D:2      | Reached * piety under Dithmenos
  1607 | D:2      | Noticed Natasha
  1614 | D:2      | Killed Natasha
  1729 | D:2      | Reached XP level 5. HP: 52/52 MP: 4/4
  1791 | D:2      | Identified the +1 leather armour "Homafos" {Dex+4}
  1951 | D:3      | Reached skill level 1 in Invocations
  2111 | D:3      | Noticed a centaur
  2129 | D:3      | HP: 3/78 [centaur/arrow (7)]
  2130 | D:3      | Slain by a centaur

Illustrated notes

Levels and vault maps discovered:
D:1:      mainiacjoe_arrival_reflecting_pool, layout_basic
D:2:      minmay_alternating_diamond, layout_loops_ring, basic_ecumenical_altar,
          chequers_serial_rivers_micro_c, uniq_natasha
D:3:      layout_basic, amcnicky_mini_pool_small, hangedman_decor_riveting,
          minmay_mini_jars, uniq_terence, uniq_sigmund

Skill      XL: |  1  2  3  4  5 |
---------------+----------------+-----
Fighting       | 7 |  7.0
Armour         | 1 2 3 4 |  4.0
Throwing       | 2 |  2.0
Invocations    | 1 |  1.1
Axes           | |  2.8
Unarmed Combat | |  2.1

Action                   |  1- 3 |  4- 6 || total
-------------------------+-------+-------++-------
Melee: Hand axe          |    50 |    24 ||    74
       Headbutt          |     6 |    10 ||    16
       Whip              |       |    32 ||    32
       Punch             |       |     2 ||     2
  Use: Potion            |     1 |     3 ||     4
Armor: Leather armour    |    13 |     6 ||    19
Dodge: Dodged            |    29 |    33 ||    62

Table legend: (Time is in decaauts)
 A = Elapsed time spent in this place.
 B = Non-inter-level travel time spent in this place.
 C = Inter-level travel time spent in this place.
 D = Time resting spent in this place.
 E = Time spent auto-exploring this place.
 F = Levels seen in this place.
 G = Mean time per level.
                   A        B        C        D        E       F      G
               +--------+--------+--------+--------+--------+-----+--------+
         Total |   2164 |   2110 |     54 |      0 |   1769 |   3 |  721.3 |
       Dungeon |   2164 |   2110 |     54 |      0 |   1769 |   3 |  721.3 |
               +--------+--------+--------+--------+--------+-----+--------+

Top non-repeatable levels by time:
     D:2: 1067 daAuts
     D:1: 824 daAuts
     D:3: 272 daAuts
